| TOP OF THE 1ST |
|
Tucson Toros batting - Pitching for Eugene Emeralds : RHP Armando Gutierrez
|
|
Pitching: RHP Armando Gutierrez
|
|
|
Batting: LHB Juan Bustabad
|
0-0: Ball 1-0: Swinging Strike 1-1: Foul Ball, location: 2F 1-2: Foul Ball, location: 2F 1-2: Ball 2-2: Fly out, F9 (Flyball, 89D, EV 88.1 MPH)
|
|
Batting: SHB Rodney Scott
|
0-0: SINGLE (Groundball, 4MD, EV 98.8 MPH) (infield hit)
|
|
Batting: LHB Rudy Law
|
0-0: Called Strike 0-1: Ball 1-1: Ball 2-1: Fielders Choice at 2nd, 6-4 (Groundball, 6, EV 106.9 MPH)
|
|
Batting: LHB Tim Krauss
|
0-0: Ball 1-0: Called Strike 1-1: Fielders Choice at 2nd, 5-4 (Groundball, 5L, EV 80.6 MPH)
|
| Top of the 1st over - 0 runs, 1 hit, 0 errors, 1 left on base; Tucson 0 - Eugene 0 |
| BOTTOM OF THE 1ST |
|
Eugene Emeralds batting - Pitching for Tucson Toros : RHP Mark Littell
|
|
Pitching: RHP Mark Littell
|
|
|
Batting: LHB James Peters
|
0-0: Foul Ball, location: 2F 0-1: Swinging Strike 0-2: Ball 1-2: Ball 2-2: Ball 3-2: Base on Balls
|
|
Batting: LHB Randy Bush
|
0-0: Called Strike James Peters steals 2nd base 0-1: Ball 1-1: Swinging Strike 1-2: Ball 2-2: Ball 3-2: SINGLE (Groundball, 4MD, EV 109.4 MPH) James Peters to third Runner from 3rd tries for Home, SAFE, throw by CF to home
|
|
Batting: LHB Ty Gainey
|
0-0: Ball 1-0: Ball 2-0: Foul Ball, location: 2F 2-1: Grounds into double play, 4-6-3 (Groundball, 4, EV 91.3 MPH)
|
|
Batting: LHB Dave Revering
|
0-0: Called Strike 0-1: Ball 1-1: Foul Ball, location: 2F 1-2: SOLO HOME RUN (Flyball, 9D, EV 98.1 MPH), Distance : 364 ft
|
|
Batting: RHB Tim Wallach
|
0-0: Ball 1-0: Called Strike 1-1: Foul Ball, location: 2F 1-2: Fly out, F8 (Line Drive, 8RM, EV 92.5 MPH)
|
| Bottom of the 1st over - 2 runs, 2 hits, 0 errors, 0 left on base; Tucson 0 - Eugene 2 |
| TOP OF THE 2ND |
|
Tucson Toros batting - Pitching for Eugene Emeralds : RHP Armando Gutierrez
|
|
Batting: LHB Pat Dodson
|
0-0: Foul Ball, location: 2F 0-1: Swinging Strike 0-2: Ball 1-2: Ball 2-2: Ball 3-2: Fly out, F7 (Flyball, 7, EV 98.8 MPH)
|
|
Batting: LHB Jeremy Penk
|
0-0: Ball 1-0: Called Strike 1-1: Ball 2-1: Ball 3-1: Swinging Strike 3-2: Foul Ball, location: 2F 3-2: Foul Ball, location: 2F 3-2: Base on Balls
|
|
Batting: SHB Michael Miara
|
0-0: Fielders Choice at 2nd, 3-6 (Groundball, 3, EV 81.9 MPH)
|
|
Batting: RHB Talmadge Tanks
|
0-0: Ball Wild Pitch! Michael Miara to second 1-0: Foul Ball, location: 2F 1-1: Called Strike 1-2: Strikes out swinging
|
| Top of the 2nd over - 0 runs, 0 hits, 0 errors, 1 left on base; Tucson 0 - Eugene 2 |
| BOTTOM OF THE 2ND |
|
Eugene Emeralds batting - Pitching for Tucson Toros : RHP Mark Littell
|
|
Batting: LHB Rick Lancellotti
|
0-0: Ball 1-0: Ball 2-0: Ball 3-0: Base on Balls
|
|
Batting: RHB Alan McDonald
|
0-0: Grounds into double play, 5-4-3 (Groundball, 56, EV 104.4 MPH)
|
|
Batting: LHB Clay Hill
|
0-0: Ball 1-0: Ball 2-0: Ball 3-0: Base on Balls
|
|
Batting: LHB Richard Rickman
|
0-0: Swinging Strike 0-1: Ball 1-1: Foul Ball, location: 2F 1-2: Foul Ball, location: 2F 1-2: Fly out, F8 (Flyball, 8RXD, EV 108.1 MPH)
|
| Bottom of the 2nd over - 0 runs, 0 hits, 0 errors, 1 left on base; Tucson 0 - Eugene 2 |
| TOP OF THE 3RD |
|
Tucson Toros batting - Pitching for Eugene Emeralds : RHP Armando Gutierrez
|
|
Batting: RHB Andy Pasillas
|
0-0: Called Strike 0-1: Ball 1-1: Foul Ball, location: 2F 1-2: Strikes out swinging
|
|
Batting: LHB Juan Bustabad
|
0-0: Fly out, F7 (Line Drive, 7, EV 93.8 MPH)
|
|
Batting: SHB Rodney Scott
|
0-0: Foul Ball, location: 2F 0-1: Called Strike 0-2: Strikes out swinging
|
| Top of the 3rd over - 0 runs, 0 hits, 0 errors, 0 left on base; Tucson 0 - Eugene 2 |
| BOTTOM OF THE 3RD |
|
Eugene Emeralds batting - Pitching for Tucson Toros : RHP Mark Littell
|
|
Batting: LHB James Peters
|
0-0: SINGLE (Groundball, 3D, EV 104.4 MPH)
|
|
Batting: LHB Randy Bush
|
0-0: Called Strike 0-1: Ball 1-1: Ball Wild Pitch! James Peters to second 2-1: Called Strike 2-2: Foul Ball, location: 2F 2-2: Strikes out looking
|
|
Batting: LHB Ty Gainey
|
0-0: Swinging Strike 0-1: Foul Ball, location: 2F 0-2: Ball 1-2: Foul Ball, location: 2F 1-2: Foul Ball, location: 2F 1-2: Ball 2-2: Foul Ball, location: 2F 2-2: Ball 3-2: Base on Balls
|
|
Batting: LHB Dave Revering
|
0-0: Ball 1-0: Foul Ball, location: 2F 1-1: Ground out U3 (Groundball, 13, EV 82.5 MPH) James Peters to third Ty Gainey to second
|
|
Batting: RHB Tim Wallach
|
0-0: Fly out, F8 (Flyball, 8RD, EV 101.3 MPH)
|
| Bottom of the 3rd over - 0 runs, 1 hit, 0 errors, 2 left on base; Tucson 0 - Eugene 2 |
| TOP OF THE 4TH |
|
Tucson Toros batting - Pitching for Eugene Emeralds : RHP Armando Gutierrez
|
|
Batting: LHB Rudy Law
|
0-0: Ball 1-0: Called Strike 1-1: Ball 2-1: Called Strike 2-2: DOUBLE (Line Drive, 3D, EV 103.1 MPH)
|
|
Batting: LHB Tim Krauss
|
0-0: Ball 1-0: Ball Rudy Law is caught stealing 3rd base 2-5 2-0: Fly out, F9 (Flyball, 9LS, EV 92.5 MPH)
|
|
Batting: LHB Pat Dodson
|
0-0: Called Strike 0-1: Foul Ball, location: 2F 0-2: Ball 1-2: Ball 2-2: Strikes out looking
|
| Top of the 4th over - 0 runs, 1 hit, 0 errors, 0 left on base; Tucson 0 - Eugene 2 |
| BOTTOM OF THE 4TH |
|
Eugene Emeralds batting - Pitching for Tucson Toros : RHP Mark Littell
|
|
Batting: LHB Rick Lancellotti
|
0-0: Called Strike 0-1: Swinging Strike 0-2: Strikes out swinging
|
|
Batting: RHB Alan McDonald
|
0-0: Called Strike 0-1: Ball 1-1: Called Strike 1-2: Foul Ball, location: 2F 1-2: Ground out 6-3 (Groundball, 6, EV 88.1 MPH)
|
|
Batting: LHB Clay Hill
|
0-0: Fly out, F9 (Flyball, 89S, EV 88.1 MPH)
|
| Bottom of the 4th over - 0 runs, 0 hits, 0 errors, 0 left on base; Tucson 0 - Eugene 2 |
| TOP OF THE 5TH |
|
Tucson Toros batting - Pitching for Eugene Emeralds : RHP Armando Gutierrez
|
|
Batting: LHB Jeremy Penk
|
0-0: Ground out 5-3 (Groundball, 56, EV 76.3 MPH)
|
|
Batting: SHB Michael Miara
|
0-0: Ball 1-0: Called Strike 1-1: Swinging Strike 1-2: Foul Ball, location: 2F 1-2: Foul Ball, location: 2F 1-2: Ball 2-2: Ball 3-2: Base on Balls
|
|
Batting: RHB Talmadge Tanks
|
0-0: Foul Ball, location: 2F 0-1: Ball 1-1: SINGLE (Groundball, 6S, EV 63.8 MPH) (infield hit) Michael Miara to second
|
|
Batting: RHB Andy Pasillas
|
0-0: Called Strike 0-1: Grounds into double play, 6-4-3 (Groundball, 6, EV 83.1 MPH)
|
| Top of the 5th over - 0 runs, 1 hit, 0 errors, 1 left on base; Tucson 0 - Eugene 2 |
| BOTTOM OF THE 5TH |
|
Eugene Emeralds batting - Pitching for Tucson Toros : RHP Mark Littell
|
|
Batting: LHB Richard Rickman
|
0-0: Ball 1-0: Hit by Pitch
|
|
Batting: LHB James Peters
|
0-0: Ball 1-0: Called Strike 1-1: Ball 2-1: Ball 3-1: Foul Ball, location: 2F 3-2: Foul Ball, location: 2F 3-2: Ground out 4-3 (Groundball, 4, EV 85.6 MPH) Richard Rickman to second
|
|
Batting: LHB Randy Bush
|
0-0: Foul Ball, location: 2F 0-1: Ball 1-1: Ball 2-1: Ball 3-1: Called Strike 3-2: Foul Ball, location: 2F 3-2: Base on Balls
|
|
Batting: LHB Ty Gainey
|
0-0: Grounds into double play, 4-6-3 (Groundball, 4M, EV 105.6 MPH)
|
| Bottom of the 5th over - 0 runs, 0 hits, 0 errors, 1 left on base; Tucson 0 - Eugene 2 |
| TOP OF THE 6TH |
|
Tucson Toros batting - Pitching for Eugene Emeralds : RHP Armando Gutierrez
|
|
Batting: LHB Juan Bustabad
|
0-0: Swinging Strike 0-1: Foul Ball, location: 2F 0-2: Strikes out looking
|
|
Batting: SHB Rodney Scott
|
0-0: Ball 1-0: Foul Ball, location: 2F 1-1: Ball 2-1: Ball 3-1: Swinging Strike 3-2: Strikes out swinging
|
|
Batting: LHB Rudy Law
|
0-0: Ball 1-0: Fly out, F9 (Flyball, 9S, EV 91.3 MPH)
|
| Top of the 6th over - 0 runs, 0 hits, 0 errors, 0 left on base; Tucson 0 - Eugene 2 |
| BOTTOM OF THE 6TH |
|
Eugene Emeralds batting - Pitching for Tucson Toros : RHP Mark Littell
|
|
Batting: LHB Dave Revering
|
0-0: Fly out, F8 (Flyball, 8RXD, EV 85.0 MPH)
|
|
Batting: RHB Tim Wallach
|
0-0: Ground out 4-3 (Groundball, 4MD, EV 106.9 MPH)
|
|
Batting: LHB Rick Lancellotti
|
0-0: Ball 1-0: Called Strike 1-1: Called Strike 1-2: Ground out 6-3 (Groundball, 6, EV 88.1 MPH)
|
| Bottom of the 6th over - 0 runs, 0 hits, 0 errors, 0 left on base; Tucson 0 - Eugene 2 |
| TOP OF THE 7TH |
|
Tucson Toros batting - Pitching for Eugene Emeralds : RHP Armando Gutierrez
|
|
Batting: LHB Tim Krauss
|
0-0: Ball 1-0: Ground out 5-3 (Groundball, 56, EV 103.1 MPH)
|
|
Batting: LHB Pat Dodson
|
0-0: Ball 1-0: Ball 2-0: Ball 3-0: Base on Balls
|
|
Batting: LHB Jeremy Penk
|
0-0: Ball 1-0: Called Strike 1-1: Fielders Choice at 2nd, 5-4 (Groundball, 56, EV 86.9 MPH)
|
|
Batting: SHB Michael Miara
|
0-0: Ball 1-0: Ball 2-0: Foul Ball, location: 2F 2-1: Called Strike 2-2: Foul Ball, location: 2F 2-2: Ball 3-2: Foul Ball, location: 2F 3-2: Base on Balls Jeremy Penk to second
|
|
Batting: RHB Talmadge Tanks
|
0-0: Called Strike 0-1: Ball 1-1: Foul Ball, location: 2F 1-2: Fielders Choice at 2nd, 6-4 (Groundball, 6, EV 87.5 MPH)
|
| Top of the 7th over - 0 runs, 0 hits, 0 errors, 2 left on base; Tucson 0 - Eugene 2 |
| BOTTOM OF THE 7TH |
|
Eugene Emeralds batting - Pitching for Tucson Toros : RHP Mark Littell
|
|
Batting: RHB Alan McDonald
|
0-0: Called Strike 0-1: Swinging Strike 0-2: Ball 1-2: Foul Ball, location: 2F 1-2: Ground out 5-3 (Groundball, 56S, EV 73.8 MPH)
|
|
Batting: LHB Clay Hill
|
0-0: Called Strike 0-1: Fly out, F6 (Line Drive, 6, EV 63.8 MPH)
|
|
Batting: LHB Richard Rickman
|
0-0: Ball 1-0: Ground out 5-3 (Groundball, 56S, EV 80.0 MPH)
|
| Bottom of the 7th over - 0 runs, 0 hits, 0 errors, 0 left on base; Tucson 0 - Eugene 2 |
| TOP OF THE 8TH |
|
Tucson Toros batting - Pitching for Eugene Emeralds : RHP Armando Gutierrez
|
|
Batting: RHB Andy Pasillas
|
0-0: Called Strike 0-1: Foul Ball, location: 2F 0-2: Foul Ball, location: 2F 0-2: Ball 1-2: Ball 2-2: Ball 3-2: Ground out 4-3 (Groundball, 4, EV 92.5 MPH)
|
|
Batting: LHB Juan Bustabad
|
0-0: Ball 1-0: Ball 2-0: Swinging Strike 2-1: Fly out, F5 (Line Drive, 5, EV 68.1 MPH)
|
|
Batting: SHB Rodney Scott
|
0-0: Called Strike 0-1: Fly out, F8 (Flyball, 89M, EV 79.4 MPH)
|
| Top of the 8th over - 0 runs, 0 hits, 0 errors, 0 left on base; Tucson 0 - Eugene 2 |
| BOTTOM OF THE 8TH |
|
Eugene Emeralds batting - Pitching for Tucson Toros : RHP Mark Littell
|
|
Batting: LHB James Peters
|
0-0: Ball 1-0: Ball 2-0: Ball 3-0: Called Strike 3-1: Ground out 6-3 (Groundball, 6, EV 81.9 MPH)
|
|
Pitching: RHP Mike Morgan
|
|
|
Batting: LHB Randy Bush
|
0-0: Foul Ball, location: 2F 0-1: Swinging Strike 0-2: Ball 1-2: Ball 2-2: SOLO HOME RUN (Flyball, 7D, EV 105.0 MPH), Distance : 366 ft
|
|
Batting: LHB Ty Gainey
|
0-0: Ball 1-0: Foul Ball, location: 2F 1-1: Called Strike 1-2: Foul Ball, location: 2F 1-2: Ball 2-2: Strikes out swinging
|
|
Batting: LHB Dave Revering
|
0-0: Ground out 4-3 (Groundball, 4, EV 81.3 MPH)
|
| Bottom of the 8th over - 1 run, 1 hit, 0 errors, 0 left on base; Tucson 0 - Eugene 3 |
| TOP OF THE 9TH |
|
Tucson Toros batting - Pitching for Eugene Emeralds : RHP Armando Gutierrez
|
|
Batting: LHB Rudy Law
|
0-0: Called Strike 0-1: Ball 1-1: Ground out 4-3 (Groundball, 4, EV 91.3 MPH)
|
|
Batting: LHB Tim Krauss
|
0-0: Ball 1-0: Called Strike 1-1: Ball 2-1: Ball 3-1: Foul Ball, location: 2F 3-2: Foul Ball, location: 2F 3-2: Ground out 4-3 (Groundball, 4, EV 86.3 MPH)
|
|
Batting: LHB Pat Dodson
|
0-0: Fly out, F6 (Line Drive, 6, EV 73.1 MPH)
|
| Top of the 9th over - 0 runs, 0 hits, 0 errors, 0 left on base; Tucson 0 - Eugene 3 |
|